 Dungeon Crawl Stone Soup version 0.30-b1-2-g02819fbbbe (webtiles) character file.

Game seed: 17196702634796569875

955 Borgoz the Ruffian (level 8, -3/69 HPs)
             Began as a Ghoul Monk on June 18, 2023.
             Slain by a wight
             ... wielding a +3 trident
              (7 damage)
             ... on level 6 of the Dungeon.
             The game lasted 00:07:13 (3815 turns).

Borgoz the Ruffian (Ghoul Monk)                     Turns: 3815, Time: 00:07:14

Health: -3/69      AC:  1    Str: 15    XL:     8   Next: 14%
Magic:  7/7        EV: 11    Int:  5    God:
Gold:   185        SH:  0    Dex: 13    Spells: 7/7 levels left

rFire   . .          .
                       - Unarmed
rCold   + . .        c - orb {light}
rNeg    + + +        r - +0 scale mail
rPois   ∞            (no helmet)
rElec   .            (no cloak)
rCorr   .            (no gloves)
SInv    .            f - +1 pair of boots
Will    .....        u - amulet of the acrobat Stlth
                     (no ring)
HPRegen 0.00/turn    (no ring)
MPRegen 0.10/turn

%: acrobat
@: confused, ambrosia-drunk, corroded, inhibited regen, glowing
A: claws 1, cold resistance 1, negative energy resistance 3, inhibited
regeneration, torment resistance 2, devour on kill
a: no special abilities


You were on level 6 of the Dungeon.
You visited 2 branches of the dungeon, and saw 7 of its levels.

You collected 251 gold pieces.
You spent 66 gold pieces at shops.

Inventory:

Missiles
 e - 14 poisoned darts (quivered)
 s - 3 boomerangs
Armour
 c - an orb of light (worn)
 f - a +1 pair of boots (worn)
 r - a +0 scale mail (worn)
Jewellery
 n - an amulet of regeneration
 u - an amulet of the acrobat (around neck)
Wands
 p - a wand of quicksilver (12)
 q - a wand of charming (9)
Scrolls
 a - a scroll of identify
 g - 4 scrolls of teleportation
 i - a scroll of silence
 j - 2 scrolls of poison
 o - a scroll of fog
 t - a scroll of enchant armour
Potions
 d - a potion of might
 h - 3 potions of curing
 k - 2 potions of attraction
 l - 2 potions of haste
 m - 2 potions of cancellation


   Skills:
 + Level 5.5 Fighting
 + Level 3.4 Armour
 + Level 4.5 Dodging
 * Level 7.1 Unarmed Combat


You had 7 spell levels left.
You didn't know any spells.
Your spell library contained the following spells:

 Spells                   Type           Power      Damage    Failure   Level
 Summon Small Mammal      Summ           0%         N/A       89%         1
 Call Canine Familiar     Summ           0%         N/A       99%         3
 Summon Guardian Golem    Hex/Summ       0%         N/A       99%         3
 Vhi's Electric Charge    Tloc/Air       0%         N/A       99%         3
 Arcjolt                  Conj/Air       0%         1d10      100%        5
 Plasma Beam              Fire/Air       0%         2x1d11    100%        6


Dungeon Overview and Level Annotations

Branches:
Dungeon (6/15)             Temple (1/1) D:5

Altars:
Cheibriados
Dithmenos
Hepliaklqana
Kikubaaqudgha
Makhleb
Nemelex Xobeh
Qazlal
Ru
Sif Muna
Trog
Uskayaw
Vehumet
Wu Jian
Xom

Shops:
D:2 ?


Innate Abilities, Weirdness & Mutations

You are immune to poison.
You have sharp fingernails.
Your flesh is cold resistant. (rC+)
You are immune to negative energy. (rN+++)
You do not regenerate when monsters are visible.
You are immune to unholy pain and torment.
You thrive by killing the living.


Message History

The centaur shoots an arrow.
The arrow misses you. The jelly attacks as you move away!
The jelly completely misses you.
You scratch the jelly but do no damage. The acid corrodes you!
Your claws burn!
The jelly misses you.
A wight comes into view. It is wielding a +3 trident.
You claw the jelly!
Your claws burn!
The jelly is heavily wounded.
The jelly barely misses you.
You scratch the jelly but do no damage.
Your claws burn!
The jelly is heavily wounded.
The jelly hits you but does no damage.
A wight comes into view. It is wielding a +0 scimitar.
You scratch the jelly. The acid corrodes you!
Your claws burn!
The jelly is severely wounded.
The jelly closely misses you.
You claw the jelly!
You kill the jelly!
The white imp gestures at you. The puff of frost misses you.
The centaur shoots an arrow.
The arrow closely misses you.
The centaur shoots an arrow.
The arrow barely misses you. The white imp closely misses you.
The wight hits you from afar with a +3 trident!
You scratch the white imp.
The white imp is moderately wounded.
The white imp hits you but does no damage.
The wight hits you from afar with a +3 trident!
* * * LOW HITPOINT WARNING * * *
Sorry, you're not good enough to have a special ability.
You are confused.
You feel invigorated. The wight closely misses you.
The wight hits you from afar with a +3 trident!
* * * LOW HITPOINT WARNING * * *
The white imp barely misses you.
You bump into the rock wall.
The wight hits you from afar with a +0 spear!
* * * LOW HITPOINT WARNING * * *
The white imp barely misses you.
The wight hits you from afar with a +3 trident!
You die...

#..# #..# ..... #..#
#..... #..# #...... ##.##
....... ##...### .......
##......##### ##.......
#.............###z.......
..###.......###.@5zc.....z
#.......######zz......
#........# .........
##.......# ##........
#.......# #........
#.......# #.....###
##.....## ##<#### #.....#
## #######


You could see a centaur, 4 wights and a white imp.

Vanquished Creatures
  Grinder (D:4)
  Eustachio (D:4)
  Edmund (D:5)
  2 scorpions
  2 jellies (D:6)
  4 orc priests
  A sleepcap (D:5)
  2 orc wizards
  7 adders
  A worm (D:4)
  2 dart slugs
  11 orcs
  6 ball pythons
  3 endoplasms
  6 giant cockroaches
  8 goblins
  7 hobgoblins
  5 jackals
  A quokka (D:1)
  5 bats
  A frilled lizard (D:1)
  10 kobolds
87 creatures vanquished.

Notes
Turn   | Place    | Note
-------+----------+-------------------------------------------
     0 | D:1      | Borgoz the Ghoul Monk began the quest for the Orb.
     0 | D:1      | Reached XP level 1. HP: 19/19 MP: 0/0
    41 | D:1      | Reached XP level 2. HP: 16/26 MP: 1/1
   196 | D:1      | Found a faded altar of an unknown god.
   489 | D:1      | Reached XP level 3. HP: 31/31 MP: 2/2
   800 | D:2      | Found Rixtisal's Magic Scroll Shop.
   805 | D:2      | Reached skill level 1 in Armour
   806 | D:2      | Reached skill level 4 in Unarmed Combat
   810 | D:2      | Bought 3 scrolls of identify for 66 gold pieces
  1381 | D:3      | Reached XP level 4. HP: 40/40 MP: 3/3
  1465 | D:3      | Reached XP level 5. HP: 46/46 MP: 4/4
  2108 | D:4      | Noticed Eustachio
  2122 | D:4      | Killed Eustachio
  2123 | D:4      | Reached skill level 5 in Unarmed Combat
  2123 | D:4      | Reached XP level 6. HP: 32/53 MP: 5/5
  2243 | D:4      | Identified the +4 quarterstaff "Otes Meqel" {venom, rN+
                  | Dex+2}
  2432 | D:4      | Noticed Grinder
  2436 | D:4      | Paralysed by Grinder for 5 turns
  2446 | D:4      | Killed Grinder
  2447 | D:4      | Reached skill level 5 in Fighting
  2447 | D:4      | Reached skill level 6 in Unarmed Combat
  2447 | D:4      | Reached XP level 7. HP: 42/61 MP: 6/6
  2714 | D:5      | Entered Level 5 of the Dungeon
  2747 | D:5      | Noticed Edmund
  2763 | D:5      | Killed Edmund
  3103 | D:5      | Found a staircase to the Ecumenical Temple.
  3165 | Temple   | Entered the Ecumenical Temple
  3165 | Temple   | Found a transporter.
  3165 | Temple   | Found a transporter.
  3167 | Temple   | Found a transporter.
  3167 | Temple   | Found a transporter.
  3281 | D:5      | Reached XP level 8. HP: 69/69 MP: 7/7
  3361 | D:5      | Reached skill level 7 in Unarmed Combat
  3361 | D:5      | Found an ornate altar of the Wu Jian Council.
  3626 | D:5      | Noticed an angel
  3815 | D:6      | Slain by a wight

Illustrated notes

Levels and vault maps discovered:
D:1:      evilmike_arrival_grusome_pit, layout_rooms,
          ebering_ecumenical_altar_sacrificial, minmay_tetromino_l4
D:2:      layout_basic, serial_shops, nicolae_shop_advertising_works
          [nicolae_subvault_shop_adworks]
D:3:      layout_basic, elyvilon_altar_5
D:4:      nicolae_cairo_tiling_large_dashed, layout_basic, uniq_grinder,
          uniq_eustachio
D:5:      layout_basic, mainiacjoe_overflow_alcove_2, zin_angel,
          minmay_temple_entry_mist, serial_park_tiny_1, uniq_edmund
D:6:      layout_cave_pods, hellmonk_okawaru_the_only_friend_you_need,
          cheibrodos_ashenzari_chains, nicolae_gozag_seed_capital,
          general_overflow_altar, gup_sewer_entry_glass
Temple:   hellmonk_temple_divided_pantheon

Skill      XL: |  1  2  3  4  5  6  7  8 |
---------------+-------------------------+-----
Dodging        | 3 4 |  4.5
Armour         | 1 2 3 |  3.4
Unarmed Combat | 4 5 6 7 |  7.1
Fighting       | 4 5 |  5.5

Action                     |  1- 3 |  4- 6 |  7- 9 || total
---------------------------+-------+-------+-------++-------
  Melee: Unarmed           |    84 |    95 |    81 ||   260
    Use: Scroll            |    11 |     8 |     1 ||    20
         Potion            |       |     2 |     2 ||     4
 Armour: Robe              |    24 |    24 |    13 ||    61
         Scale mail        |       |       |     8 ||     8
  Dodge: Dodged            |    58 |    62 |    58 ||   178
